AoeStats
← lxcho-_-

Black Forest

508557696Analyzed
4v4 RM · 9d ago on Sep 23, 2026· 66m 48s· 8 players
Game mode
Random Map
Map size
Large (8 player)
Population
200
Speed
Normal
Resources
Standard
Victory
Conquest
Starting age
Dark Age
Ending age
Imperial Age
RankedLock teamsTeams togetherTeam positionsShared explorationLock speedFull tech treeHidden civsTurbo modeCheats
Victory
Defeat
🇺🇸 Persians · United States
1085
+10
🇬🇹 Magyars · Guatemala
873
+18
🇯🇵 Maya · Japan
854
+19
🇺🇸 Khmer · United States
763
+22
🇨🇱 Italians · Chile
1006
-60
🇨🇱 Vietnamese · Chile
890
-37
🇨🇱 Vikings · Chile
890
-37
🇨🇱 Franks · Chile
890
-37
SMAUG_AM
0:31 Loom
14:15 Feudal Age
21:50 Castle Age
22:35 Scale Barding Armor
22:31 Scale Mail Armor
22:48 Light Cavalry
23:39 Bloodlines
25:14 Husbandry
29:04 Double-Bit Axe
33:49 Imperial Age
32:48 Wheelbarrow
33:05 Chain Barding Armor
36:23 Corvinian Army
36:51 Hussar
38:33 Chain Mail Armor
40:37 Conscription
43:48 Hand Cart
44:23 Plate Barding Armor
44:41 Elite Magyar Huszar
45:25 Horse Collar
48:42 Pikeman
49:08 Arson
50:14 Cavalier
50:17 Halberdier
60:37 Paladin
62:42 Padded Archer Armor
62:32 Fletching
64:01 Leather Archer Armor
64:49 Chemistry
64:10 Ballistics
64:36 Elite Skirmisher
65:47 Thumb Ring
65:03 Crossbowman
I Never Resign
5:45 Loom
12:16 Feudal Age
12:30 Horse Collar
12:36 Double-Bit Axe
19:06 Castle Age
20:36 Wheelbarrow
21:18 Bow Saw
21:30 Heavy Plow
21:35 Stone Mining
21:50 Gold Mining
28:49 Gold Shaft Mining
28:52 Stone Shaft Mining
29:08 Husbandry
32:08 Caravan
36:30 Imperial Age
34:17 Hand Cart
34:36 Scale Barding Armor
34:45 Forging
34:58 Bloodlines
36:21 Chain Barding Armor
36:15 Elite War Elephant
37:49 Plate Barding Armor
37:55 Iron Casting
37:28 Fletching
38:08 Conscription
38:17 Ballistics
38:11 Masonry
41:15 Blast Furnace
43:08 Crop Rotation
43:45 Two-Man Saw
43:09 Capped Ram
44:02 Siege Ram
45:02 Fletching
48:48 Bodkin Arrow
55:53 Crossbowman
56:40 Thumb Ring
56:45 Padded Archer Armor
57:52 Kamandaran
58:30 Leather Archer Armor
59:10 Onager
62:21 Ring Archer Armor
The Slayer
4:25 Loom
11:17 Feudal Age
12:44 Horse Collar
12:52 Double-Bit Axe
17:56 Gold Mining
19:17 Wheelbarrow
21:38 Castle Age
22:25 Stone Mining
24:54 Stone Shaft Mining
24:34 Bow Saw
24:26 Heavy Plow
27:29 Imperial Age
29:47 Gold Shaft Mining
34:25 Hand Cart
34:51 Crop Rotation
37:17 Caravan
40:18 Husbandry
40:29 Bloodlines
39:39 Elite Battle Elephant
42:33 Fortified Wall
42:19 Murder Holes
42:34 Masonry
43:12 Scale Barding Armor
43:18 Forging
43:00 Fletching
43:54 Tusk Swords
44:30 Hoardings
44:16 Conscription
44:35 Hoardings
44:24 Chain Barding Armor
47:07 Plate Barding Armor
47:08 Iron Casting
47:13 Guard Tower
47:29 Siege Engineers
50:23 Blast Furnace
49:25 Padded Archer Armor
49:20 Bodkin Arrow
50:40 Keep
50:39 Architecture
51:19 Double Crossbow
51:25 Scale Mail Armor
53:20 Keep
53:46 Chemistry
52:53 Town Watch
52:33 Elite Ballista Elephant
54:36 Coinage
54:19 Clinker Construction
54:32 Ballistics
54:46 Town Patrol
54:48 Bracer
55:04 Chain Mail Armor
55:04 Leather Archer Armor
55:11 Chain Mail Armor
57:37 Banking
57:58 Ring Archer Armor
しこっぴ
0:28 Loom
11:46 Feudal Age
12:35 Man-at-Arms
13:01 Arson
13:34 Fletching
14:26 Town Watch
18:42 Forging
19:08 Padded Archer Armor
Tio Gilipollas
13:24 Feudal Age
11:41 Loom
17:30 Castle Age
16:18 Double-Bit Axe
16:16 Horse Collar
22:53 Bow Saw
23:43 Gold Mining
23:47 Stone Mining
25:30 Gold Shaft Mining
27:13 Heavy Plow
29:19 Treadmill Crane
29:35 Murder Holes
29:50 Fortified Wall
30:03 Ballistics
29:54 Masonry
32:23 Imperial Age
32:12 Arson
32:28 Squires
31:48 Pikeman
32:33 Chieftains
33:00 Scale Mail Armor
33:10 Forging
33:42 Crop Rotation
34:39 Two-Man Saw
34:18 Architecture
33:58 Elite Varangian Guard
35:07 Conscription
36:25 Caravan
38:16 Chemistry
37:23 Siege Engineers
38:05 Iron Casting
37:46 Chain Mail Armor
44:40 Plate Mail Armor
45:10 Blast Furnace
48:43 Man-at-Arms
51:15 Long Swordsman
51:23 Heavy Scorpion
52:56 Two-Handed Swordsman
53:13 Two-Handed Swordsman
53:49 Champion
56:27 Padded Archer Armor
56:18 Fletching
58:18 Leather Archer Armor
Lhu
3:13 Loom
12:34 Feudal Age
14:44 Double-Bit Axe
17:57 Gold Mining
17:58 Stone Mining
23:17 Castle Age
23:22 Forging
23:18 Scale Barding Armor
27:38 Wheelbarrow
32:59 Hand Cart
33:25 Caravan
39:24 Gold Shaft Mining
41:22 Imperial Age
40:23 Husbandry
41:02 Iron Casting
40:49 Chain Barding Armor
41:12 Cavalier
nOnY
1:02 Loom
11:46 Feudal Age
13:22 Double-Bit Axe
16:05 Fletching
21:04 Castle Age
21:45 Bodkin Arrow
23:23 Stone Mining
32:35 Wheelbarrow
33:08 Gold Mining
36:39 Silk Road
41:06 Imperial Age
40:29 Hand Cart
40:01 Town Watch
41:20 Town Patrol
43:57 Chemistry
45:31 Bracer
46:18 Conscription
47:02 Elite Genoese Crossbowman
55:14 Padded Archer Armor
56:29 Ballistics
59:55 Masonry
lxcho-_-
5:46 Loom
11:25 Feudal Age
13:49 Double-Bit Axe
13:48 Horse Collar
16:05 Wheelbarrow
19:22 Castle Age
18:05 Fletching
24:33 Gold Mining
25:03 Stone Mining
27:31 Heavy Plow
30:47 Ballistics
34:30 Bow Saw
37:46 Imperial Age
35:26 Caravan
35:51 Bloodlines
35:33 Town Watch
36:43 Scale Barding Armor
36:34 Bodkin Arrow
36:39 Padded Archer Armor
36:49 Forging
39:32 Chemistry
39:10 Elite Rattan Archer
40:48 Hand Cart
41:03 Paper Money
40:46 Chatras
41:28 Husbandry
40:50 Elite Battle Elephant
43:48 Onager
45:06 Block Printing
47:35 Paper Money
52:35 Chain Barding Armor
53:59 Plate Barding Armor
54:00 Iron Casting
Connection lost

Rejoining the realm…

Still unreachable

The connection could not be restored.

Session expired

The server has moved on; the page needs a fresh start.